 Dungeon Crawl Stone Soup version 0.26-a0-663-g36e8fdb655 (webtiles) character file.

Game seed: 15560336053786580182

288 jasper the Chopper (level 6, -2/48 HPs)
             Began as a Formicid Abyssal Knight on Oct 10, 2020.
             Was a Believer of Lugonu.
             Slain by an ogre
             ... wielding a +0 giant spiked club
              (26 damage)
             ... on level 4 of the Dungeon.
             The game lasted 00:03:52 (3244 turns).

jasper the Chopper (Formicid Abyssal Knight)        Turns: 3244, Time: 00:03:53

Health: -2/48      AC:  9    Str: 19    XL:     6   Next: 57%
Magic:  8/8        EV:  9    Int: 17    God:    Lugonu [**....]
Gold:   170        SH:  0    Dex: 10    Spells: 5/5 levels left

rFire    . . .     SeeInvis +   r - +2 hand axe (venom)
rCold    . . .     Faith    .   (no shield)
rNeg     . . .     Spirit   .   s - +0 scale mail
rPois    .         Reflect  .   (helmet unavailable)
rElec    .         Harm     .   (no cloak)
rCorr    .         Rampage  .   e - +2 pair of gloves
MR       .....                  (no boots)
Stlth    ..........             (no amulet)
HPRegen  0.16/turn              n - +6 ring of intelligence
MPRegen  0.11/turn              (no ring)

@: no status effects
A: permanent stasis, dig shafts and tunnels, four strong arms, antennae 3
a: Dig, Shaft Self, Depart the Abyss, Bend Space, Renounce Religion


You were on level 4 of the Dungeon.
You worshipped Lugonu.
Lugonu was pleased with you.
You visited 1 branch of the dungeon, and saw 4 of its levels.
You visited the Abyss 1 time.

You collected 170 gold pieces.

Inventory:

Hand Weapons
 a - a +1 hand axe
 r - a +2 hand axe of venom (weapon)
 w - a +0 hunting sling
Missiles
 g - 130 stones (quivered)
 l - 90 sling bullets
 v - 32 poisoned darts
Armour
 b - a +0 leather armour
 e - a +2 pair of gloves (worn)
 s - a +0 scale mail (worn)
Jewellery
 n - a +6 ring of intelligence (left hand)
 u - an uncursed ring of fire
Wands
 D - a wand of iceblast (9)
Scrolls
 d - a scroll of amnesia {unknown}
 f - 5 scrolls of identify {unknown}
 h - a scroll of blinking {unknown}
 i - 2 scrolls of magic mapping {unknown}
 k - 3 scrolls of remove curse {unknown}
 o - 2 scrolls of enchant weapon {unknown}
 p - a scroll of noise {unknown}
 q - a scroll of fog {unknown}
 x - 2 scrolls of enchant armour {unknown}
 y - a scroll of teleportation {unknown}
 B - a scroll of random uselessness {unknown}
 C - a scroll of fear {unknown}
Potions
 c - a potion of berserk rage {unknown}
 j - a potion of invisibility {unknown}
 m - a potion of stabbing {unknown}
 t - a potion of might {unknown}
 z - a potion of flight {unknown}
 A - a potion of mutation {unknown}


   Skills:
 - Level 3.8 Fighting
 * Level 5.6 Axes
 - Level 2.9 Armour
 - Level 0.8 Dodging
 - Level 3.0 Invocations


You had 5 spell levels left.
You didn't know any spells.
Your spell library was empty.

Dungeon Overview and Level Annotations

Branches:
Dungeon (4/15)
 Temple: D:4-7

Altars:
Cheibriados
Wu Jian


Innate Abilities, Weirdness & Mutations

You cannot be hasted, slowed, berserked, paralysed or teleported.
You can dig through walls and to a lower floor.
Your four strong arms can wield two-handed weapons with a shield.
You have a pair of large antennae on your head. (SInv)


Message History

Health restored: 48 You sense a monster nearby.
A jackal comes into view.
A jackal is nearby!
A jackal and an ogre come into view.
The jackal barks!
The ogre shouts!
A jackal comes into view.
A jackal comes into view.
The ogre hits you with a +0 giant spiked club!!
Ouch! That really hurt!
The jackal moves out of view.
You take 24 damage, and have 24/48 hp.
MASSIVE DAMAGE!!
You are too injured to fight recklessly!
You are too injured to fight recklessly!
Unknown command.
You hit the ogre.
The ogre is poisoned.
The ogre is lightly wounded.
The ogre hits you with a +0 giant spiked club!!
Ouch! That really hurt!
You die...

#....####...#
###.......###
###..###..# .....###..#
###.......#
#...##.###### #### #
#...##......# ...h.
###.......###.####.hh.#
......###.#.....@Oh#
#....###..(....###.#
#.#### #.......# # ...#
#.##.##.# ...# #.
#.##.# ...# #.##.##.#
...# #.#..[#.#
...#####........
...............#


You could see an ogre (very poisoned) and 4 jackals.

Vanquished Creatures
  An ogre (D:4)
  A hound (D:4)
  An iguana (D:4)
  A worker ant (D:4)
  Robin (D:4)
  6 adders
  An adder skeleton (D:4)
  A worm (D:4)
  A dart slug (D:1)
  4 orcs
  3 giant cockroaches
  17 goblins
  5 hobgoblins
  3 bats
  4 kobolds
  5 rats
55 creatures vanquished.

Notes
Turn   | Place    | Note
-------+----------+-------------------------------------------
     0 | Abyss:1  | jasper the Formicid Abyssal Knight began the quest for the
                  | Orb.
     0 | Abyss:1  | Reached XP level 1. HP: 18/18 MP: 2/2
     0 | Abyss:1  | Found a corrupted altar of Lugonu.
    33 | Abyss:1  | Noticed a neqoxec
    38 | D:1      | Escaped the Abyss
   276 | D:1      | Reached XP level 2. HP: 21/24 MP: 3/3
   608 | D:1      | Reached * piety under Lugonu
  1219 | D:2      | Reached XP level 3. HP: 24/29 MP: 4/4
  1325 | D:2      | Reached XP level 4. HP: 37/37 MP: 6/6
  1431 | D:2      | Reached skill level 3 in Axes
  2592 | D:3      | Found an ornate altar of the Wu Jian Council.
  2647 | D:4      | Reached XP level 5. HP: 42/42 MP: 7/7
  2700 | D:4      | Noticed Robin
  2708 | D:4      | Reached skill level 4 in Axes
  2719 | D:4      | Killed Robin
  2719 | D:4      | Reached ** piety under Lugonu
  2814 | D:4      | Noticed an ogre
  2835 | D:4      | Killed an ogre
  2835 | D:4      | Reached skill level 5 in Axes
  2835 | D:4      | Reached XP level 6. HP: 20/48 MP: 8/8
  3045 | D:4      | Found a snail-covered altar of Cheibriados.
  3242 | D:4      | Noticed an ogre
  3244 | D:4      | Slain by an ogre

Illustrated notes

Levels and vault maps discovered:
D:1:      wander_arrival_peaceful_grave, layout_basic
D:2:      layout_rooms
D:3:      layout_loops_ring, lemuel_coloured_pillars_altar, minivault_27
D:4:      layout_loops_cross, cheibriados_altar_1, uniq_robin

Skill      XL: |  1  2  3  4  5 |
---------------+----------------+-----
Axes           | 3 5 |  5.6
Invocations    | 3 |  3.0
Fighting       | |  3.8
Armour         | |  2.9
Dodging        | |  0.8

Action                   |  1- 3 |  4- 6 || total
-------------------------+-------+-------++-------
Melee: Hand axe          |    93 |    95 ||   188
 Fire: Hunting sling     |       |    17 ||    17
Throw: Stone             |    19 |     3 ||    22
Invok: Depart the Abyss  |     1 |       ||     1
Armor: Leather armour    |    50 |     9 ||    59
       Scale mail        |       |    33 ||    33
Dodge: Dodged            |    81 |    51 ||   132

Table legend: (Time is in decaauts)
 A = Elapsed time spent in this place.
 B = Non-inter-level travel time spent in this place.
 C = Inter-level travel time spent in this place.
 D = Time resting spent in this place.
 E = Time spent auto-exploring this place.
 F = Levels seen in this place.
 G = Mean time per level.
                   A        B        C        D        E       F      G
               +--------+--------+--------+--------+--------+-----+--------+
         Total |   3271 |   3143 |    128 |    663 |   1954 |   5 |  654.2 |
       Dungeon |   3233 |   3105 |    128 |    663 |   1923 |   4 |  808.2 |
         Abyss |     38 |     38 |      0 |      0 |     31 |   1 |   38.0 |
               +--------+--------+--------+--------+--------+-----+--------+

Top non-repeatable levels by time:
     D:1: 1090 daAuts
     D:3: 1044 daAuts
     D:4: 611 daAuts
     D:2: 486 daAuts
 Abyss:1: 38 daAuts
